 Dungeon Crawl Stone Soup version 0.23.0-3-gf3c87f2 (webtiles) character file.

Game seed: 8792614612089199653

436682 Gorice the Executioner (level 22, -2/193 HPs)
             Began as a Minotaur Wanderer on Feb 22, 2019.
             Was the Champion of Makhleb.
             Slain by an ancient champion
             ... wielding a +1 great sword of draining
              (5 damage)
             ... on level 3 of the Crypt on Feb 23, 2019.
             The game lasted 04:50:47 (63940 turns).

Gorice the Executioner (Minotaur Wanderer)         Turns: 63940, Time: 04:50:47

Health: -2/193     AC: 30    Str: 22    XL:     22   Next: 94%
Magic:  0/29       EV: 14    Int: 14    God:    Makhleb [******]
Gold:   2293       SH:  0    Dex: 16    Spells: 21/21 levels left

rFire    . . .     SeeInvis +   a - +9 executioner's axe "Goblinslayer" {chop, Int+3}
rCold    . . .     Gourm    .   (shield currently unavailable)
rNeg     . . .     Faith    .   u - +5 chain mail of Infinity {+Blink +Fly}
rPois    .         Spirit   +   d - +1 hat
rElec    .         Reflect  .   y - scarf {cloud immunity}
rCorr    .         Harm     .   r - +0 pair of gloves {Dex+3}
MR       +....                  M - +2 pair of boots {Stlth+}
Stlth    ..........             o - amulet of guardian spirit
HPRegen  0.42/turn              i - ring of see invisible
MPRegen  0.21/turn              P - +5 ring of protection

@: flayed, very heavily drained
A: retaliatory headbutt, horns 2, frail 1
}: 2/15 runes: serpentine, barnacled
a: Minor Destruction, Lesser Servant of Makhleb, Major Destruction, Greater
Servant of Makhleb, Renounce Religion, Evoke Blink, Evoke Flight


You were on level 3 of the Crypt.
You worshipped Makhleb.
Makhleb was exalted by your worship.
You were not hungry.

You visited 8 branches of the dungeon, and saw 39 of its levels.
You visited the Abyss 1 time.
You also visited: Ossuary, Ice Cave, Volcano and Wizlab.

You collected 4661 gold pieces.
You spent 2368 gold pieces at shops.

Inventory:

Hand Weapons
 a - the +9 executioner's axe "Goblinslayer" (weapon) {chop, Int+3}
   (You acquired it on level 1 of the Lair of Beasts)

   It inflicts extra damage upon your enemies.
   It affects your intelligence (+3).
Missiles
 G - 16 javelins of returning (quivered)
 Z - 10 throwing nets {!f}
Armour
 b - a +2 plate armour of fire resistance
   (You took it off Frederick on level 2 of the Crypt)
 d - a +1 hat (worn)
 r - a +0 pair of gloves of dexterity (worn)
   (You found it in an ice cave)
 u - the +5 chain mail of Infinity (worn) {+Blink +Fly}
   (You bought it in a shop on level 2 of the Snake Pit)

   It lets you fly.
   It lets you blink.
 y - a scarf of cloud immunity (worn)
   (You found it on level 3 of the Lair of Beasts)
 E - +4 storm dragon scales {Bai Suzhen}
 M - a +2 pair of boots of stealth (worn)
   (You found it in a volcano)
Jewellery
 f - the ring "Jucaakh" {+Blink rF+ Str+10 Dex-5 Stlth+}
   (You found it on level 1 of the Lair of Beasts)

   [ring of protection from fire]

   It affects your strength (+10).
   It affects your dexterity (-5).
   It protects you from fire.
   It lets you blink.
   It makes you more stealthy.
 i - a ring of see invisible (left hand)
 m - an uncursed ring of protection from magic
 o - an amulet of guardian spirit (around neck)
 p - an uncursed ring of poison resistance
 I - the ring of Lugonu's Benevolence {Ice rN+ Slay+2}
   (You found it in a wizard's laboratory)

   [ring of ice]

   It enhances your ice magic.
   It affects your accuracy and damage with ranged weapons and melee attacks
   (+2).
   It makes you vulnerable to fire.
   It protects you from cold.
   It protects you from negative energy.
 P - a +5 ring of protection (right hand)
Wands
 j - a wand of clouds (15)
 t - a wand of digging (3)
 v - a wand of acid (15)
 H - a wand of enslavement (13)
 J - a wand of paralysis (11)
 S - a wand of scattershot (14)
Scrolls
 g - 6 scrolls of magic mapping {!r}
 k - 11 scrolls of fog
 q - 11 scrolls of teleportation {!r}
 B - 3 scrolls of fear {!r}
 O - 17 scrolls of remove curse
 R - 2 scrolls of summoning {!r}
 T - a scroll of blinking
 V - 7 scrolls of identify
Potions
 c - 3 potions of invisibility {!q}
 e - 4 potions of might {!q}
 h - 7 potions of heal wounds {!q}
 l - a potion of magic {!q}
 n - 8 potions of curing
 w - a potion of resistance {!q}
 x - 4 potions of berserk rage
 A - 7 potions of haste {!q}
 D - 4 potions of cancellation {!q}
 K - 11 potions of agility {!q}
Miscellaneous
 C - 3 boxes of beasts
 Y - a lightning rod (4/4) {!a}
Comestibles
 s - 8 chunks of flesh
 z - 44 rations


   Skills:
 - Level 22.0(16.3) Fighting
 - Level 26.0(19.8) Axes
   Level 2.4(0.0) Staves
 - Level 10.0(5.6) Throwing
 - Level 22.0(16.3) Armour
 + Level 13.4(8.6) Dodging
   Level 1.2(0.0) Shields
 + Level 11.5(6.9) Invocations
 - Level 8.3(4.1) Evocations


You had 21 spell levels left.
You didn't know any spells.
Your spell library contained the following spells:

 Spells                   Type           Power        Failure   Level  Hunger
 Animate Skeleton         Necr           N/A          77%         1    ##.....
 Beastly Appendage        Tmut           #.....       77%         1    ##.....
 Corona                   Hex            #......      77%         1    ##.....
 Freeze                   Ice            #...         77%         1    ##.....
 Magic Dart               Conj           #...         77%         1    ##.....
 Pain                     Necr           #...         77%         1    ##.....
 Sandblast                Erth           #.....       77%         1    ##.....
 Sting                    Conj/Pois      #...         77%         1    ##.....
 Summon Butterflies       Summ           #.......     77%         1    ##.....
 Summon Small Mammal      Summ           #...         77%         1    ##.....
 Blink                    Tloc           N/A          88%         2    ###....
 Call Imp                 Summ           #.......     88%         2    ###....
 Ensorcelled Hibernation  Hex/Ice        #.....       88%         2    ###....
 Passwall                 Tmut/Erth      #.......     88%         2    ###....
 Searing Ray              Conj           #.....       88%         2    ###....
 Throw Frost              Conj/Ice       #.....       88%         2    ###....
 Call Canine Familiar     Summ           #.......     98%         3    ####...
 Confuse                  Hex            #.......     98%         3    ####...
 Dazzling Spray           Conj/Hex       #.....       98%         3    ####...
 Lesser Beckoning         Tloc           #.........   98%         3    ####...
 Ozocubu's Armour         Chrm/Ice       #.......     98%         3    ####...
 Recall                   Summ/Tloc      N/A          98%         3    ####...
 Regeneration             Chrm/Necr      #.........   98%         3    ####...
 Static Discharge         Conj/Air       #.......     98%         3    ####...
 Stone Arrow              Conj/Erth      #.....       98%         3    ####...
 Summon Guardian Golem    Hex/Summ       #.......     98%         3    ####...
 Teleport Other           Tloc           #.......     98%         3    ####...
 Tukima's Dance           Hex            #.......     98%         3    ####...
 Vampiric Draining        Necr           #.........   98%         3    ####...
 Animate Dead             Necr           N/A          100%        4    #####..
 Force Lance              Conj/Tloc      #.......     100%        4    #####..
 Fulminant Prism          Conj/Hex       #.........   100%        4    #####..
 Ice Form                 Ice/Tmut       #.......     100%        4    #####..
 Iskenderun's Mystic Bla  Conj           #.......     100%        4    #####..
 Petrify                  Tmut/Erth      #.......     100%        4    #####..
 Summon Ice Beast         Ice/Summ       #.......     100%        4    #####..
 Summon Lightning Spire   Summ/Air       #.......     100%        4    #####..
 Throw Icicle             Conj/Ice       #.......     100%        4    #####..
 Bolt of Draining         Conj/Necr      #.........   100%        5    ######.
 Bolt of Magma            Conj/Fire/Erth #.........   100%        5    ######.
 Borgnjor's Vile Clutch   Necr/Erth      #.........   100%        5    ######.
 Iskenderun's Battlesphe  Conj/Chrm      #.......     100%        5    ######.
 Lee's Rapid Deconstruct  Erth           #.........   100%        5    ######.
 Lightning Bolt           Conj/Air       #.........   100%        5    ######.
 Summon Mana Viper        Hex/Summ       #.......     100%        5    ######.
 Venom Bolt               Conj/Pois      #.........   100%        5    ######.
 Bolt of Cold             Conj/Ice       #.........   100%        6    #######
 Death Channel            Necr           #.........   100%        6    #######
 Iron Shot                Conj/Erth      #.........   100%        6    #######
 Ozocubu's Refrigeration  Ice            #.........   100%        6    #######
 Simulacrum               Ice/Necr       #.........   100%        6    #######
 Malign Gateway           Summ/Tloc      #.........   100%        7    #######
 Orb of Destruction       Conj           #.........   100%        7    #######
 Spellforged Servitor     Conj/Summ      #.........   100%        7    #######
 Summon Hydra             Summ           #.........   100%        7    #######
 Disjunction              Tloc           #.........   100%        8    #######
 Ignition                 Fire           #.........   100%        8    #######
 Lehudib's Crystal Spear  Conj/Erth      #.........   100%        8    #######
 Shatter                  Erth           #.........   100%        9    #######
 Tornado                  Air            #.........   100%        9    #######


Dungeon Overview and Level Annotations

Branches:
Dungeon (15/15)            Temple (1/1) D:6            Lair (6/6) D:9
 Shoals (4/4) Lair:4        Snake (4/4) Lair:4        Slime (0/5) Lair:6
    Orc (2/2) D:11            Elf (0/3) Orc:2        Vaults (4/5) D:14
  Crypt (3/3) Vaults:2     Depths (0/5) D:15
   Tomb: Crypt:3

Altars:
Ashenzari
Cheibriados
Dithmenos
Elyvilon
Fedhas
Gozag
Hepliaklqana
Kikubaaqudgha
Makhleb
Nemelex Xobeh
Okawaru
Qazlal
Ru
Sif Muna
Trog
Uskayaw
Vehumet
Wu Jian
Xom
Yredelemnul
Zin
The Shining One

Shops:
D:8 *   D:15 (   Orc:1 *   Orc:2 [*(:   Shoals:1 *   Snake:1 :   Snake:2 =[}(}
Snake:4 }}=   Vaults:3 [

Annotations:
Crypt:2 3 runed translucent doors


Innate Abilities, Weirdness & Mutations

You reflexively headbutt those who attack you in melee.
You have a pair of horns on your head.
You are frail. (-10% HP)


Message History

Unknown command.
You slice the revenant!!
You headbutt the revenant, but do no damage.
The revenant is severely damaged.
You hit the spectral quicksilver dragon but do no damage.
You slash the ancient champion!
The ancient champion closely misses you.
The ancient champion gestures at you while chanting.
The bolt of negative energy hits the ancient champion.
The ancient champion completely resists.
The bolt of negative energy hits you!!
You feel drained.
The bolt of negative energy hits your ynoxinul.
Your ynoxinul completely resists.
The spectral quicksilver dragon bites you.
You feel drained.
The spectral quicksilver dragon claws you but does no damage.
The revenant hits you but does no damage.
The ancient champion casts a spell at you.
The bolt of negative energy hits the ancient champion.
The ancient champion completely resists.
The bolt of negative energy hits you!!
You feel drained.
* * * LOW HITPOINT WARNING * * *
The bolt of negative energy hits your ynoxinul.
Your ynoxinul completely resists.
Damage: 47 (max 47)
You slice the revenant!!
You destroy the revenant!
Makhleb accepts your kill.
The spectral quicksilver dragon fades away!
The spectral shock serpent fades away!
You slice the ancient champion!!
The ancient champion closely misses you.
You furiously retaliate!
You headbutt the ancient champion.
Your ynoxinul is engulfed in spectral mist.
Your ynoxinul gestures.
Your ynoxinul hits the flayed ghost.
The ancient champion points at you and mumbles some strange words.
The iron shot hits you!
* * * LOW HITPOINT WARNING * * *
You slash the ancient champion!
The ancient champion is moderately damaged.
You slash the ancient champion!
The ancient champion gestures at you while chanting.
The stone arrow hits you!!
* * * LOW HITPOINT WARNING * * *
Your ynoxinul is engulfed in spectral mist.
Your ynoxinul hits the ancient champion!
The ancient champion hits you with a +1 great sword of draining!!
* * * LOW HITPOINT WARNING * * *
You feel drained.
You die...

.# #......# # .#
#......# z# .#
#...8###''##
.############...##.....#
......°..........'.....⌠
.....######...[..'.....⌠
....z# #...35##.....#
...M.## #....z8###''##
....z.# #...Wz@☼5# .#
###...# #...○○3°5# #
#...#####...######
#...........#
#.........W.#
#...###.....# #...#
#.....# #...# #.....#
#...# #.....#


You could see 2 ancient champions, a flayed ghost, 2 friendly ynoxinuls and 3
friendly ufetubi.

Vanquished Creatures
  Mara (Vaults:3)
  Bai Suzhen (Crypt:2)
  Frederick (Crypt:2)
  Saint Roka (Orc:2)
  Vashnia (Snake:2)
  A bone dragon (Vaults:2)
  Rupert (Orc:1)
  3 liches
  Asterion (Vaults:3)
  A moon troll (WizLab)
  A titan (Vaults:4)
  A quicksilver dragon (WizLab)
  4 tentacled starspawn (WizLab)
  6 ancient champions
  A kraken (Shoals:3)
  The ghost of feelmyfire the Brawler, an adept TrWr of Zin (Snake:4)
  Agnes (Snake:2)
  Gastronok (Lair:1)
  The ghost of thechecker02 the Blocker, an adept GnFi of Cheibriados (Shoals:1)
  Kirke (Snake:2)
  15 nagarajas
  The ghost of SeriousVitamin the Eclecticist, an adept DEFE of Vehumet (Shoals:4)
  3 storm dragons
  3 revenants
  3 fire giants
  3 frost giants
  An orc warlord (Orc:2)
  A deep elf sorcerer (Vaults:4)
  Aizul (Snake:2)
  10 vault wardens
  6 ghouls
  Louise (Snake:2)
  2 cacodemons
  2 curse skulls
  6 ironheart preservers
  2 war gargoyles (WizLab)
  3 vampire knights (Crypt:2)
  14 stone giants
  13 very ugly things
  An entropy weaver (Vaults:2)
  Azrael (Snake:2)
  Nessos (Lair:5)
  A deep elf demonologist (Vaults:2)
  The ghost of Huasawuy the Grappler, a journeyman TrWz of Okawaru (Lair:3)
  6 merfolk javelineers
  Snorg (D:14)
  4 deep elf death magi
  An eidolon (Crypt:2)
  6 jiangshi (Crypt:1)
  A crystal guardian (Vaults:4)
  Josephine (Lair:5)
  12 merfolk impalers
  A spectral kraken (Shoals:4)
  Harold (Lair:1)
  2 great orbs of eyes
  2 fire dragons
  5 yaktaur captains
  A rakshasa (Abyss:2)
  13 vault guards
  The ghost of CasualChangeling the Thaumaturge, a journeyman GnSk of Okawaru (D:11)
  2 ice dragons
  7 naga warriors
  7 hydras
  9 anacondas
  37 two-headed ogres
  11 centaur warriors
  5 satyrs
  8 ogre magi
  6 merfolk avatars
  5 merfolk aquamancers
  2 deep troll shamans (Vaults:4)
  3 death knights
  A tengu warrior (D:11)
  A deep troll earth mage (Vaults:1)
  4 orc high priests
  18 naga sharpshooters
  A dancing weapon (Snake:4)
  2 thrashing horrors (Abyss:2)
  7 shock serpents
  6 vampire magi
  2 deep elf knights (Vaults:2)
  A wretched star (WizLab)
  4 sixfirhies (Abyss:2)
  3 soul eaters (Crypt:2)
  A fire crab (Lair:6)
  9 skeletal warriors
  9 shadow wraiths
  14 glowing orange brains
  A glowing orange brain (shapeshifter) (D:15)
  4 unseen horrors
  An orange crystal statue (WizLab)
  14 deep trolls
  4 starcursed masses
  4 salamander mystics
  3 wizards
  17 sea snakes
  8 flayed ghosts
  An obsidian statue (Shoals:1)
  A kraken simulacrum (Shoals:4)
  8 phantasmal warriors
  6 naga ritualists
  5 deep elf archers
  2 lindwurms (Volcano)
  14 ironbrand convokers
  A harpy (shapeshifter) (Vaults:1)
  A sphinx zombie (Vaults:1)
  15 orc knights
  8 deep elf magi
  33 harpies
  5 wolf spiders
  2 stone giant zombies (Crypt:2)
  7 necromancers
  13 mana vipers
  9 orc sorcerers
  28 ugly things
  30 fauns
  A fire giant zombie (Crypt:2)
  9 salamanders
  An oklob plant (Lair:5)
  2 dire elephant zombies (Crypt:3)
  A stone giant skeleton (Vaults:1)
  15 manticores
  12 cyclopes
  7 vault sentinels
  A moth of wrath (D:11)
  10 merfolk sirens
  3 tengu skeletons
  2 fire giant skeletons
  20 naga magi
  A titan simulacrum (Vaults:1)
  25 black mambas
  A toenail golem (Volcano)
  21 guardian serpents
  An ice statue (IceCv)
  14 elephants
  A water nymph (Shoals:2)
  5 eyes of devastation (WizLab)
  A smoke demon (Abyss:2)
  A spiny frog (shapeshifter) (Vaults:2)
  An apocalypse crab (Abyss:2)
  A dire elephant skeleton (Crypt:2)
  5 molten gargoyles
  A red draconian zombie (Crypt:1)
  A rime drake (Lair:6)
  17 spiny frogs
  2 gargoyles
  7 komodo dragons
  29 yaktaurs
  14 freezing wraiths
  A tengu conjurer (D:13)
  3 efreet (Volcano)
  A hydra zombie (Crypt:2)
  2 ice devils (D:12)
  33 merfolk
  9 meliai
  11 trolls
  4 hornets
  A blink frog (shapeshifter) (D:14)
  2 harpy skeletons
  A meliai (shapeshifter) (D:7)
  7 wind drakes
  A polar bear (Lair:5)
  4 blink frogs (Lair:4)
  A dream sheep (shapeshifter) (Vaults:4)
  A frost giant simulacrum (Vaults:3)
  19 slime creatures
  5 snapping turtles
  3 raiju (Abyss:2)
  A hippogriff (shapeshifter) (Vaults:1)
  A meliai zombie (D:15)
  10 dream sheep
  2 alligator zombies
  6 hippogriffs
  An ettin zombie (Crypt:1)
  4 redbacks (Vaults:2)
  2 shadows
  6 wyverns
  An alligator skeleton (Crypt:2)
  A ynoxinul (Abyss:2)
  2 vampires
  8 water elementals
  15 wraiths
  44 yaks
  3 tarantellas (shapeshifter)
  7 fire elementals
  A hog (Snake:2)
  A yaktaur simulacrum (Vaults:2)
  A neqoxec (WizLab)
  3 hungry ghosts
  4 vampire mosquitoes (D:15)
  A basilisk (Lair:2)
  A chaos spawn (Abyss:2)
  2 steam dragons
  A harpy simulacrum (Crypt:1)
  A soldier ant (D:13)
  3 large abominations (Abyss:2)
  A death yak simulacrum (IceCv)
  36 nagas
  4 wargs
  3 acid dragons
  An infernal demonspawn zombie (Crypt:3)
  A spiny frog zombie (Crypt:2)
  8 hell hounds
  10 porcupines
  14 water moccasins
  A dream sheep zombie (Crypt:1)
  10 ice beasts
  5 sky beasts
  47 orc warriors
  A necrophage (D:8)
  A black bear (D:9)
  An eye of draining (shapeshifter) (Vaults:1)
  5 phantoms
  29 ogres
  10 wolves
  8 centaurs
  3 boggarts (Vaults:1)
  16 crocodiles
  A fire crab zombie (Crypt:3)
  A salamander zombie (Crypt:1)
  18 bullfrogs
  4 small abominations (Abyss:2)
  A spiny frog simulacrum (Crypt:1)
  A gnoll sergeant (D:8)
  3 earth elementals (Volcano)
  A wyvern zombie (D:11)
  2 wyvern skeletons
  A yak zombie (Crypt:2)
  A scorpion (D:8)
  2 oklob saplings (D:10)
  56 killer bees
  A spriggan skeleton (Crypt:1)
  2 elephant simulacra (IceCv)
  A human simulacrum (Vaults:1)
  10 wights
  4 howler monkeys
  5 electric eels
  11 crimson imps
  5 lava snakes (Lair:6)
  A bullfrog skeleton (D:4)
  A bullfrog zombie (D:13)
  7 jellies
  3 quasits
  7 centaur skeletons
  6 centaur zombies
  3 draconian simulacra (IceCv)
  21 orc priests
  8 hounds
  37 orc wizards
  3 iguanas
  A demonspawn skeleton (Crypt:2)
  A hell rat (D:12)
  11 worker ants
  2 spriggan simulacra (IceCv)
  7 troll simulacra (IceCv)
  A polar bear simulacrum (IceCv)
  A felid zombie (Crypt:2)
  A naga zombie (Crypt:1)
  2 centaur simulacra (IceCv)
  6 big kobold zombies (Ossuary)
  A dwarf zombie (Crypt:2)
  A felid skeleton (Crypt:2)
  A hound zombie (D:8)
  3 hound skeletons
  A mummy (Ossuary)
  3 worker ant zombies
  13 gnolls
  17 adders
  5 naga simulacra (IceCv)
  An ogre simulacrum (IceCv)
  2 shadow imps
  12 white imps (IceCv)
  An ufetubus (Abyss:2)
  2 adder zombies
  2 worms
  2 dart slugs
  6 leopard geckos
  107 orcs
  4 spectral bats (Ossuary)
  2 bats
  6 giant cockroaches
  5 goblins
  2 hobgoblins (D:3)
  9 jackals
  4 quokkas
  6 ball pythons (D:10)
  A bat simulacrum (Ossuary)
  2 frilled lizards
  6 gnoll zombies (Ossuary)
  6 goblin simulacra (Ossuary)
  6 goblin zombies (Ossuary)
  A hobgoblin skeleton (Crypt:2)
  3 hobgoblin zombies (Ossuary)
  6 kobolds
  2 kobold simulacra (Ossuary)
  A kobold skeleton (Crypt:1)
  8 kobold zombies
  2 orc zombies (Ossuary)
  A quokka zombie (D:9)
  4 rats
  2 rat simulacra (Ossuary)
  5 spectral goblins (Ossuary)
  2 spectral kobolds (Ossuary)
  4 spectral rats (Ossuary)
  A fire vortex (Volcano)
  5 fungi
  25 plants
  2 starspawn tentacles (WizLab)
  4 tentacles
1881 creatures vanquished.

Vanquished Creatures (collateral kills)
  Frances (D:12)
  A cacodemon (WizLab)
  5 very ugly things (WizLab)
  A naga sharpshooter (Snake:2)
  A sea snake (Shoals:1)
  An ugly thing (WizLab)
  A manticore (Shoals:1)
  2 freezing wraiths (IceCv)
  An orc warrior (D:11)
  An ice beast (IceCv)
  An orc (Orc:2)
  A starspawn tentacle (WizLab)
17 creatures vanquished.

Vanquished Creatures (others)
  A sea snake (Snake:2)
  A faun (Shoals:3)
  A yaktaur (Vaults:1)
  2 humans (Snake:2)
  A demonic plant (WizLab)
  2 fire vortices (Volcano)
  3 fungi (Lair:4)
  41 plants
  7 starspawn tentacles (WizLab)
  13 tentacles
72 creatures vanquished.

Grand Total: 1970 creatures vanquished

Notes
Turn   | Place    | Note
-------+----------+-------------------------------------------
     0 | D:1      | Gorice the Minotaur Wanderer began the quest for the Orb.
     0 | D:1      | Gorice set off with the following items: a +2 quarterstaff,
                  | a scroll of teleportation {!r}, a +0 shield, a +0 robe, a
                  | ration
     0 | D:1      | Reached XP level 1. HP: 19/19 MP: 0/0
   504 | D:1      | Reached skill level 4 in Fighting
   819 | D:1      | --wow huge 1st level, still only 75% of the way to xpl2!
   833 | D:2      | Reached XP level 2. HP: 10/28 MP: 1/1
  1665 | D:3      | Reached skill level 5 in Fighting
  1673 | D:3      | Reached XP level 3. HP: 24/36 MP: 2/2
  1775 | D:3      | HP: 10/36 [gnoll (6)]
  1793 | D:3      | HP: 14/54 [kobold (3)]
  1799 | D:3      | HP: 13/54 [hobgoblin/stone (2)]
  1821 | D:3      | HP: 9/36 [jackal (1)]
  1831 | D:3      | HP: 8/36 [jackal (2)]
  2089 | D:3      | Found an iron altar of Okawaru.
  2248 | D:3      | You fall through a shaft for 3 floors!
  2248 | D:6      | Found an ornate altar of the Wu Jian Council.
  2248 | D:6      | Noticed a bullfrog
  2260 | D:6      | Killed a bullfrog
  2260 | D:6      | Reached skill level 6 in Fighting
  2260 | D:6      | Reached XP level 4. HP: 27/45 MP: 3/3
  2263 | D:6      | Reached skill level 7 in Fighting
  2263 | D:6      | Reached XP level 5. HP: 26/52 MP: 4/4
  2427 | D:6      | Found a blossoming altar of Fedhas.
  2656 | D:5      | Entered Level 5 of the Dungeon
  2656 | D:5      | Found an iron altar of Okawaru.
  2662 | D:6      | Reached skill level 8 in Fighting
  2731 | D:6      | Reached XP level 6. HP: 48/61 MP: 2/5
  3189 | D:6      | Reached skill level 1 in Axes
  3249 | D:5      | Reached skill level 2 in Axes
  3437 | D:4      | Found a sand-covered staircase.
  3453 | Ossuary  | Entered an ossuary
  3564 | Ossuary  | Reached skill level 1 in Armour
  3633 | Ossuary  | Reached skill level 3 in Axes
  3768 | Ossuary  | Reached skill level 2 in Armour
  3808 | Ossuary  | Reached skill level 4 in Axes
  3808 | Ossuary  | Reached XP level 7. HP: 65/69 MP: 6/6
  4109 | D:3      | Found a hazy altar of Hepliaklqana.
  4422 | D:4      | Reached skill level 5 in Axes
  4422 | D:4      | Reached skill level 3 in Armour
  4867 | D:5      | Reached skill level 6 in Axes
  4876 | D:5      | Reached skill level 4 in Armour
  5150 | D:5      | Reached XP level 8. HP: 64/75 MP: 4/7
  5310 | D:5      | Reached skill level 7 in Axes
  5624 | D:5      | Reached skill level 5 in Armour
  5824 | D:5      | Reached skill level 8 in Axes
  6705 | D:6      | Reached skill level 9 in Axes
  6709 | D:6      | Reached skill level 6 in Armour
  6805 | D:6      | Found a staircase to the Ecumenical Temple.
  6822 | Temple   | Entered the Ecumenical Temple
  7001 | Temple   | Became a worshipper of Makhleb the Destroyer
  7586 | D:7      | Reached XP level 9. HP: 78/82 MP: 8/8
  7761 | D:8      | Reached skill level 10 in Axes
  7816 | D:8      | Noticed a meliai
  7829 | D:7      | Killed a meliai
  7829 | D:7      | Reached skill level 7 in Armour
  8324 | D:8      | Found Yfav's Assorted Antiques.
  8342 | D:8      | Bought a sapphire potion for 28 gold pieces
  8365 | D:8      | Reached skill level 11 in Axes
  8375 | D:8      | Found an iron altar of Okawaru.
  8564 | D:7      | Reached skill level 8 in Armour
  8761 | D:8      | Reached * piety under Makhleb
  8889 | D:8      | Reached skill level 12 in Axes
  9581 | D:9      | Found an ancient bone altar of Kikubaaqudgha.
  9593 | D:9      | Found a staircase to the Lair.
  9655 | D:9      | Reached XP level 10. HP: 80/89 MP: 9/9
  9668 | D:9      | Reached skill level 9 in Armour
  9865 | D:9      | Noticed a two-headed ogre
  9873 | D:9      | Killed a two-headed ogre
  9873 | D:9      | Reached skill level 13 in Axes
 10122 | D:9      | Found a snail-covered altar of Cheibriados.
 10274 | Lair:1   | Entered Level 1 of the Lair of Beasts
 10311 | Lair:1   | Noticed a black mamba
 10322 | Lair:1   | Killed a black mamba
 10322 | Lair:1   | Reached skill level 10 in Armour
 10506 | Lair:1   | Noticed a spiny frog
 10507 | Lair:1   | Noticed a six-headed hydra
 10513 | Lair:1   | Noticed Harold
 10530 | Lair:1   | Noticed a spiny frog
 10549 | Lair:1   | Killed a spiny frog
 10549 | Lair:1   | Reached skill level 14 in Axes
 10753 | Lair:1   | Killed a six-headed hydra
 11011 | Lair:1   | Killed Harold
 11011 | Lair:1   | Reached XP level 11. HP: 57/95 MP: 5/10
 11509 | Lair:1   | Reached ** piety under Makhleb
 11522 | Lair:1   | Reached skill level 15 in Axes
 11522 | Lair:1   | Reached skill level 11 in Armour
 11848 | Lair:1   | Noticed Gastronok
 11870 | Lair:1   | Killed Gastronok
 11913 | Lair:1   | Got a warped gossamer ring
 11915 | Lair:1   | Identified the ring "Jucaakh" {+Blink rF+ Str+10 Dex-5
                  | Stlth+} (You found it on level 1 of the Lair of Beasts)
 12384 | Lair:2   | Reached skill level 16 in Axes
 12529 | Lair:2   | Reached skill level 12 in Armour
 13493 | Lair:3   | Noticed a four-headed hydra
 13505 | Lair:2   | Killed a four-headed hydra
 13505 | Lair:2   | Reached skill level 17 in Axes
 13505 | Lair:2   | Reached XP level 12. HP: 78/103 MP: 8/11
 13570 | Lair:3   | Reached *** piety under Makhleb
 14024 | Lair:3   | Noticed an eight-headed hydra
 14359 | Lair:3   | Reached skill level 13 in Armour
 14456 | Lair:3   | Killed an eight-headed hydra
 14514 | Lair:3   | Found a runed translucent door.
 14514 | Lair:3   | Noticed Huasawuy's ghost (journeyman TrWz)
 15179 | Lair:4   | Found a dark tunnel.
 15208 | Volcano  | Entered a volcano
 15242 | Volcano  | Reached skill level 18 in Axes
 15767 | Lair:4   | Found a staircase to the Snake Pit.
 15959 | Lair:4   | Found a staircase to the Shoals.
 16299 | Lair:4   | You fall through a shaft for 2 floors!
 16299 | Lair:6   | Entered Level 6 of the Lair of Beasts
 16299 | Lair:6   | Noticed a six-headed hydra
 16318 | Lair:6   | Killed a two-headed hydra
 16318 | Lair:6   | Reached skill level 14 in Armour
 16321 | Lair:6   | Reached skill level 19 in Axes
 16321 | Lair:6   | Reached XP level 13. HP: 108/108 MP: 9/12
 16347 | Lair:6   | Found a staircase to the Slime Pits.
 16375 | Lair:5   | Reached **** piety under Makhleb
 16740 | Lair:5   | Noticed Josephine
 16750 | Lair:5   | Killed Josephine
 17110 | Lair:5   | Noticed Nessos
 17120 | Lair:5   | Killed Nessos
 17328 | Lair:5   | Reached skill level 20 in Axes
 17615 | Lair:6   | Reached skill level 1 in Evocations
 17633 | Lair:6   | Reached skill level 15 in Armour
 17677 | Lair:6   | Reached skill level 2 in Evocations
 17704 | Lair:6   | Reached skill level 3 in Evocations
 17867 | Lair:6   | Reached ***** piety under Makhleb
 17869 | Lair:6   | Reached skill level 4 in Evocations
 18350 | Lair:6   | Noticed a fire dragon
 18387 | Lair:6   | Reached XP level 14. HP: 116/116 MP: 12/16
 18403 | Lair:6   | Reached skill level 5 in Evocations
 18411 | Lair:6   | Reached skill level 16 in Armour
 18458 | Lair:6   | Reached skill level 1 in Invocations
 18497 | Lair:6   | Found a large runed translucent door.
 18498 | Lair:6   | Found a large runed translucent door.
 18760 | Lair:3   | Killed Huasawuy's ghost
 18760 | Lair:3   | Reached skill level 2 in Invocations
 18921 | D:10     | Entered Level 10 of the Dungeon
 19179 | D:10     | Reached skill level 3 in Invocations
 19186 | D:10     | Reached skill level 6 in Evocations
 19975 | D:10     | Found a blossoming altar of Fedhas.
 20020 | D:10     | Paralysed by a hornet for 1 turns
 20097 | D:10     | Identified the Papyrus of Mutagenic Intoxication
 20444 | D:11     | Reached ****** piety under Makhleb
 20445 | D:11     | Found a staircase to the Orcish Mines.
 20590 | D:11     | Found a transporter.
 20593 | D:11     | Identified the +6 morningstar of Supn {antimagic, rC+ rN++
                  | Str+3}
 20605 | D:11     | Found a bloodstained altar of Trog.
 20605 | D:11     | Identified the cursed +1 broad axe "Cusoaw" {antimagic,
                  | Str+4 Int-3 Dex+3}
 20605 | D:11     | Noticed CasualChangeling's ghost (journeyman GnSk)
 20617 | D:11     | Found a transporter.
 20617 | D:11     | Identified the +11 halberd of the Special Cities {protect,
                  | +Blink MR+ Dex+5}
 20627 | D:11     | Reached skill level 4 in Invocations
 21134 | Orc:1    | Entered Level 1 of the Orcish Mines
 21437 | Orc:1    | Found Ecowyts's Assorted Antiques.
 21582 | Orc:1    | Bought a fuming purple potion for 33 gold pieces
 21585 | Orc:1    | Bought a granite ring for 185 gold pieces
 21845 | Orc:1    | Reached skill level 7 in Evocations
 22170 | Orc:2    | Entered Level 2 of the Orcish Mines
 22306 | Orc:2    | Reached skill level 5 in Invocations
 22599 | Orc:2    | Paralysed by an orc sorcerer for 2 turns
 22705 | Orc:2    | Reached skill level 6 in Invocations
 22753 | Orc:2    | Noticed Saint Roka
 23020 | Orc:2    | Found a staircase to the Elven Halls.
 23248 | Orc:2    | Killed Saint Roka
 23248 | Orc:2    | Reached skill level 8 in Evocations
 23471 | Orc:2    | Noticed an orc warlord
 23506 | Orc:2    | Killed an orc warlord
 23506 | Orc:2    | Reached skill level 7 in Invocations
 23782 | Orc:2    | Paralysed by an orc sorcerer for 7 turns
 23883 | Orc:2    | Noticed Rupert
 23909 | Orc:2    | Paralysed by Rupert for 5 turns
 23919 | Orc:1    | Paralysed by Rupert for 5 turns
 23936 | Orc:1    | Killed Rupert
 23936 | Orc:1    | Reached skill level 9 in Fighting
 24335 | Orc:2    | Paralysed by an orc sorcerer for 3 turns
 24455 | Orc:2    | Reached XP level 15. HP: 125/125 MP: 20/20
 24671 | Orc:2    | Reached skill level 8 in Invocations
 24740 | Orc:2    | Found Lusu's General Store.
 24741 | Orc:2    | Found Icutocw's Book Shoppe.
 24744 | Orc:2    | Found Zamachio's Antique Armour Emporium.
 24744 | Orc:2    | Found Eqaaczes's Antique Weapon Emporium.
 24790 | Orc:2    | Bought a scroll of identify for 28 gold pieces
 24790 | Orc:2    | Bought a scroll of blinking for 105 gold pieces
 25218 | D:12     | Found a frozen archway.
 25279 | IceCv    | Entered an ice cave
 25521 | IceCv    | Reached skill level 10 in Fighting
 26067 | IceCv    | Found an ancient bone altar of Kikubaaqudgha.
 26615 | D:12     | Reached skill level 9 in Invocations
 26914 | D:12     | Noticed Frances
 26939 | D:12     | Killed Frances
 27596 | D:13     | Reached skill level 11 in Fighting
 27666 | D:13     | Identified the Catalogue of the Congealing Compass
 29137 | D:14     | Found a gate to the Vaults.
 29153 | D:14     | Reached skill level 10 in Invocations
 29178 | D:14     | Reached skill level 12 in Fighting
 29301 | D:14     | Noticed Snorg
 29313 | D:14     | Killed Snorg
 29582 | D:14     | Reached skill level 13 in Fighting
 29807 | D:15     | Entered Level 15 of the Dungeon
 29983 | D:15     | Paralysed by an orc sorcerer for 2 turns
 30205 | D:15     | Found a staircase to the Depths.
 30343 | D:15     | Reached skill level 14 in Fighting
 30552 | D:15     | Reached XP level 16. HP: 147/147 MP: 22/22
 30836 | D:15     | Found Biolotte's Antique Weapon Shop.
 30896 | D:15     | Reached skill level 4 in Dodging
 31262 | D:15     | Reached skill level 5 in Dodging
 31300 | D:15     | Reached skill level 15 in Fighting
 32063 | D:8      | Bought a scroll of blinking for 240 gold pieces
 32063 | D:8      | Bought a potion of curing for 96 gold pieces
 32162 | Orc:1    | Bought a potion of curing for 111 gold pieces
 32337 | Snake:1  | Entered Level 1 of the Snake Pit
 32394 | Snake:1  | Reached skill level 6 in Dodging
 33206 | Snake:1  | Found Uzehul's Book Shoppe.
 33237 | Snake:1  | Reached skill level 7 in Dodging
 33537 | Snake:1  | Found a blossoming altar of Fedhas.
 33840 | Snake:1  | Reached skill level 16 in Fighting
 33946 | Snake:2  | Reached skill level 8 in Dodging
 34032 | Snake:2  | Found Nyah's Gadget Shoppe.
 34034 | Snake:2  | Found Bailagim's Antique Weapon Boutique.
 34516 | Snake:2  | Noticed Azrael
 34539 | Snake:2  | Killed Azrael
 34583 | Snake:2  | Found Oprats's Gadget Shoppe.
 34687 | Snake:2  | Reached skill level 9 in Dodging
 34830 | Snake:2  | Noticed Agnes
 34844 | Snake:2  | Killed Agnes
 34961 | Snake:2  | Noticed Louise
 34976 | Snake:2  | HP: 40/151 [salamander/+3 halberd (6)]
 35335 | Snake:2  | Noticed Vashnia
 35370 | Snake:2  | Killed Vashnia
 35722 | Snake:2  | Noticed Aizul
 35749 | Snake:2  | Killed Aizul
 35833 | Snake:2  | Reached skill level 10 in Dodging
 35888 | Snake:2  | Cast into level 2 of the Abyss (Louise)
 35936 | Abyss:2  | Reached skill level 17 in Armour
 35936 | Abyss:2  | Reached XP level 17. HP: 133/158 MP: 23/23
 36082 | Abyss:2  | Gained mutation: You are frail. (-10% HP) [a cacodemon]
 36322 | Abyss:2  | Noticed a lich
 36336 | Abyss:2  | Killed a lich
 36338 | Snake:2  | Escaped the Abyss
 36350 | Snake:2  | Killed Louise
 36350 | Snake:2  | Reached skill level 11 in Dodging
 36376 | Snake:2  | Noticed Kirke
 36394 | Snake:2  | Killed Kirke
 36423 | Snake:2  | Found Fifuvol's Antique Armour Boutique.
 36861 | Snake:2  | Found Poheida's Jewellery Boutique.
 36908 | Snake:2  | Bought a spiked chain mail for 342 gold pieces
 36909 | Snake:2  | Identified the +5 chain mail of Infinity {+Blink +Fly} (You
                  | bought it in a shop on level 2 of the Snake Pit)
 36953 | Snake:2  | Bought an uncursed ring of poison resistance for 320 gold
                  | pieces
 36953 | Snake:2  | Bought a +5 ring of protection for 880 gold pieces
 37836 | Snake:3  | Reached skill level 18 in Armour
 38565 | Snake:3  | Reached skill level 12 in Dodging
 38988 | Lair:1   | Identified a scroll of acquirement
 38990 | Lair:1   | Got a shimmering executioner's axe
 38991 | Lair:1   | Identified the +9 executioner's axe "Goblinslayer" {chop,
                  | Int+3} (You acquired it on level 1 of the Lair of Beasts)
 38992 | Lair:1   | --Nice, that'll certainly slay some goblins!
 39089 | Shoals:1 | Entered Level 1 of the Shoals
 39187 | Shoals:1 | Found a runed translucent gate.
 39190 | Shoals:1 | Found a runed translucent gate.
 39190 | Shoals:1 | Found an opulent altar of Gozag.
 39191 | Shoals:1 | Found a runed translucent gate.
 39195 | Shoals:1 | Found Desekeoq's Assorted Antiques.
 39195 | Shoals:1 | Noticed thechecker02's ghost (adept GnFi)
 40215 | Shoals:1 | Killed thechecker02's ghost
 40765 | Shoals:2 | Reached skill level 19 in Armour
 41121 | Shoals:2 | Reached skill level 17 in Fighting
 41121 | Shoals:2 | Reached XP level 18. HP: 131/152 MP: 19/24
 43296 | Snake:4  | Entered Level 4 of the Snake Pit
 43423 | Snake:4  | Reached skill level 18 in Fighting
 43501 | Snake:4  | Reached skill level 20 in Armour
 43522 | Snake:4  | Found Mumir's Gadget Shop.
 43523 | Snake:4  | Found Roclo's Jewellery Emporium.
 43526 | Snake:4  | Found Rynawk's Gadget Shop.
 43599 | Snake:4  | Found a runed translucent door.
 43599 | Snake:4  | Found a shimmering altar of Xom.
 43599 | Snake:4  | Noticed feelmyfire's ghost (adept TrWr)
 43719 | Snake:4  | HP: 46/154 [poisoned by a naga mage (splash of poison)]
 43727 | Snake:4  | HP: 46/154 [poisoned by a naga mage (splash of poison)]
 43733 | Snake:4  | HP: 44/154 [poisoned by a naga mage (splash of poison)]
 43738 | Snake:4  | HP: 44/154 [poisoned by a naga mage (splash of poison)]
 43745 | Snake:4  | HP: 44/154 [poisoned by a naga mage (splash of poison)]
 43753 | Snake:3  | HP: 45/154 [poisoned by a naga mage (splash of poison)]
 44415 | Snake:4  | HP: 46/155 [poisoned by a naga ritualist (splash of
                  | poison)]
 44420 | Snake:4  | HP: 45/155 [poisoned by a naga ritualist (splash of
                  | poison)]
 44427 | Snake:4  | HP: 44/155 [poisoned by a naga ritualist (splash of
                  | poison)]
 44434 | Snake:4  | HP: 45/155 [poisoned by a naga ritualist (splash of
                  | poison)]
 44442 | Snake:4  | HP: 46/155 [poisoned by a naga ritualist (splash of
                  | poison)]
 44789 | Snake:4  | Found a bloodstained altar of Trog.
 46448 | Snake:4  | Reached skill level 19 in Fighting
 46791 | Snake:4  | Reached XP level 19. HP: 91/163 MP: 12/25
 47062 | Snake:4  | Got a serpentine rune of Zot
 47245 | Snake:4  | Reached skill level 21 in Axes
 47305 | Snake:4  | HP: 45/164 [feelmyfire's ghost (8)]
 47310 | Snake:4  | HP: 26/164 [feelmyfire's ghost (20)]
 47312 | Snake:4  | HP: 1/164 [feelmyfire's ghost (12)]
 47316 | Snake:4  | Killed feelmyfire's ghost
 48268 | D:11     | Killed CasualChangeling's ghost
 48674 | Shoals:4 | Entered Level 4 of the Shoals
 48810 | Shoals:4 | Found a runed translucent gate.
 49608 | Shoals:4 | Reached skill level 20 in Fighting
 49622 | Shoals:4 | HP: 18/166 [merfolk/+0 halberd (39)]
 49627 | Shoals:4 | HP: 15/166 [merfolk/+0 halberd (11)]
 49642 | Shoals:4 | HP: 38/166 [faun/sling bullet (1)]
 49647 | Shoals:4 | HP: 14/166 [satyr/arrow (24)]
 49654 | Shoals:4 | HP: 9/166 [merfolk/+0 halberd (7)]
 49716 | Shoals:4 | HP: 18/166 [merfolk impaler/+2 rapier of holy wrath (11)]
 49721 | Shoals:4 | HP: 26/166 [sea snake (9)]
 49739 | Shoals:4 | HP: 32/166 [merfolk/tomahawk (11)]
 49750 | Shoals:4 | HP: 26/166 [merfolk/tomahawk (10)]
 50383 | Shoals:4 | Found a runed translucent gate.
 50383 | Shoals:4 | Noticed SeriousVitamin's ghost (adept DEFE)
 50385 | Shoals:4 | Found a runed translucent gate.
 50420 | Shoals:4 | Reached skill level 22 in Axes
 50546 | Shoals:4 | Identified the ring "Yvvoemei" {MP+9 EV+1 Str-3 Dex+7 SInv}
 50772 | Shoals:4 | Reached skill level 2 in Throwing
 50776 | Shoals:4 | Got a barnacled rune of Zot
 51062 | Shoals:4 | Killed SeriousVitamin's ghost
 51086 | Shoals:4 | Identified the ring of the Barracuda {+Fly Int+4} (You
                  | found it on level 4 of the Shoals)
 51446 | Vaults:1 | Entered Level 1 of the Vaults
 51472 | Vaults:1 | Reached skill level 3 in Throwing
 51823 | Vaults:1 | Found a hazy altar of Hepliaklqana.
 51998 | Vaults:1 | Reached skill level 4 in Throwing
 52148 | Vaults:1 | Reached skill level 23 in Axes
 52148 | Vaults:1 | Reached XP level 20. HP: 173/173 MP: 24/26
 52238 | Vaults:1 | Reached skill level 5 in Throwing
 52782 | Vaults:1 | Reached skill level 6 in Throwing
 53273 | Vaults:2 | Paralysed by an orc sorcerer for 6 turns
 53286 | Vaults:2 | Reached skill level 7 in Throwing
 53577 | Vaults:2 | Reached skill level 24 in Axes
 53732 | Vaults:2 | Noticed a bone dragon
 53749 | Vaults:2 | Killed a bone dragon
 53775 | Vaults:2 | Found a staircase to the Crypt.
 54262 | Vaults:2 | Reached skill level 8 in Throwing
 54658 | Vaults:3 | Found a magical portal.
 54667 | WizLab   | Entered Lehudib's Moon Base
 54808 | WizLab   | Found a transporter.
 55510 | WizLab   | Reached XP level 21. HP: 166/180 MP: 25/27
 55513 | WizLab   | Reached skill level 9 in Throwing
 55575 | WizLab   | Reached skill level 25 in Axes
 55594 | WizLab   | Got a smoking cloak
 55595 | WizLab   | Identified the cursed +0 cloak of Diteoqyi {-Tele Dex+6
                  | Slay+2 SInv} (You found it in a wizard's laboratory)
 55918 | WizLab   | Found a transporter.
 56165 | WizLab   | Identified Lehudib's Grimoire of Stones and Orientation
 56192 | WizLab   | Identified the Reference Book on Necromancy and the
                  | Frostbite
 56197 | WizLab   | Got a scintillating granite ring
 56578 | Lair:1   | Identified the ring of Lugonu's Benevolence {Ice rN+
                  | Slay+2} (You found it in a wizard's laboratory)
 56870 | Vaults:3 | Found Okizes's Antique Armour Emporium.
 56928 | Vaults:3 | Noticed Asterion
 56934 | Vaults:3 | Reached skill level 10 in Throwing
 56942 | Vaults:3 | Killed Asterion
 57252 | Vaults:3 | Reached skill level 26 in Axes
 57457 | Vaults:3 | Noticed Mara
 57470 | Vaults:3 | Noticed Gorice's illusion
 57472 | Vaults:3 | Killed Mara
 58826 | Vaults:4 | Reached XP level 22. HP: 189/189 MP: 23/28
 58882 | Vaults:4 | Reached skill level 21 in Armour
 58901 | Vaults:4 | Reached skill level 21 in Fighting
 60038 | Crypt:1  | Entered Level 1 of the Crypt
 61070 | Crypt:2  | Found a runed translucent gate.
 61070 | Crypt:2  | Found a runed translucent gate.
 61070 | Crypt:2  | Found a runed translucent gate.
 61296 | Crypt:2  | HP: 38/193 [flayed ghost/flay_damage (20)]
 61427 | Crypt:2  | Reached skill level 22 in Armour
 61429 | Crypt:2  | Reached skill level 22 in Fighting
 62763 | Crypt:3  | Entered Level 3 of the Crypt
 63247 | Crypt:3  | HP: 57/193 [flayed ghost/flay_damage (25)]
 63254 | Crypt:3  | HP: 52/193 [flayed ghost/flay_damage (25)]
 63280 | Crypt:3  | Noticed Frederick
 63282 | Crypt:3  | HP: 45/193 [flayed ghost/flay_damage (23)]
 63643 | Crypt:2  | Killed Frederick
 63643 | Crypt:2  | Reached skill level 11 in Invocations
 63738 | Crypt:3  | Reached skill level 13 in Dodging
 63756 | Crypt:3  | Noticed Bai Suzhen
 63791 | Crypt:2  | Killed Bai Suzhen
 63939 | Crypt:3  | HP: 44/193 [ancient champion/iron shot (14)]
 63940 | Crypt:3  | HP: 3/193 [ancient champion/+1 great sword of draining
                  | (22)]
 63940 | Crypt:3  | Slain by an ancient champion

Skill      XL: |  1  2  3  4  5  6  7  8  9 10 11 12 13 14 15 16 17 18 19 20 21 22 |
---------------+-------------------------------------------------------------------+-----
Fighting       | 4 5 6 7 8 9 14 16 17 19 20 22 | 22.0
Axes           | 4 6 9 12 14 17 19 20 23 24 26 | 26.0
Armour         | 2 4 6 8 10 12 14 15 16 17 19 20 22 | 22.0
Evocations     | 4 8 |  8.3
Invocations    | 7 10 11 | 11.5
Dodging        | 10 12 13 | 13.4
Throwing       | 4 8 10 | 10.0
Staves         | |  2.4
Shields        | |  1.2

Action                   |  1- 3 |  4- 6 |  7- 9 | 10-12 | 13-15 | 16-18 | 19-21 | 22-24 || total
-------------------------+-------+-------+-------+-------+-------+-------+-------+-------++-------
Melee: Quarterstaff      |    70 |   165 |   196 |     6 |       |       |       |       ||   437
       Headbutt          |     4 |    29 |    75 |   134 |   298 |   375 |   313 |   117 ||  1345
       Hand axe          |       |       |   241 |   246 |       |       |       |       ||   487
       Battleaxe         |       |       |       |   323 |  1555 |  1494 |    67 |       ||  3439
       Trident           |       |       |       |    15 |       |       |       |       ||    15
       Executioner's axe |       |       |       |       |       |       |  1213 |   512 ||  1725
Throw: Stone             |     4 |       |    17 |       |       |       |       |       ||    21
       Tomahawk          |       |       |       |    12 |     6 |       |     1 |       ||    19
       Javelin           |       |       |       |       |       |    14 |       |       ||    14
Invok: Lesser Servant of |       |       |       |       |    10 |    10 |    23 |     4 ||    47
 Abil: Evoke Flight      |       |       |       |       |       |     5 |     6 |       ||    11
       Evoke Blink       |       |       |       |       |       |     1 |     2 |     1 ||     4
Evoke: Wand              |       |       |       |       |    17 |     8 |     7 |       ||    32
       Sack of spiders   |       |       |       |       |     1 |       |       |       ||     1
  Use: Scroll            |     5 |       |    12 |     8 |    11 |     7 |    11 |     3 ||    57
       Potion            |     2 |       |       |     3 |     5 |     3 |     7 |       ||    20
 Stab: Sleeping          |     2 |       |       |       |       |       |       |       ||     2
       Paralysed         |       |       |       |       |     6 |     3 |       |       ||     9
       Distracted        |       |       |       |       |     3 |     4 |     3 |       ||    10
  Eat: Chunk             |     3 |     5 |    20 |    15 |    44 |    31 |    30 |    10 ||   158
       Ration            |       |       |       |     2 |     1 |     7 |     3 |     2 ||    15
Armor: Robe              |     7 |     3 |       |       |       |       |       |       ||    10
       Skin              |    25 |       |       |       |       |       |       |       ||    25
       Ring mail         |       |    34 |    49 |       |       |       |       |       ||    83
       Chain mail        |       |       |    50 |       |       |   553 |   662 |   254 ||  1519
       Plate armour      |       |       |    74 |   343 |   769 |   286 |       |       ||  1472
Dodge: Dodged            |    48 |    90 |   196 |   210 |   532 |   828 |   792 |   262 ||  2958

Table legend:
 A = Turns spent in this place as a percentage of turns spent in the entire game.
 B = Non-inter-level travel turns spent in this place as a percentage of non-inter-level travel turns spent in the entire game.
 C = Inter-level travel turns spent in this place as a percentage of turns spent in this place.
 D = Turns resting spent in this place as a percentage of non-inter-level travel turns spent in this place.
 E = Turns spent auto-exploring this place as a percentage of non-inter-level travel turns spent in this place.
 F = Non-inter-level travel turns spent in this place divided by the number of levels of this place that you've seen.
                   A       B       C       D       E      F
               +-------+-------+-------+-------+-------+----------------------
         Total | 100.0 | 100.0 |   9.6 |  32.8 |  34.2 | 1314.3
       Dungeon |  32.3 |  31.2 |  12.6 |  30.3 |  43.6 | 1201.5
        Temple |   0.3 |   0.3 |  23.5 |   0.0 |  98.0 | 150.0
          Lair |  14.4 |  13.7 |  13.9 |  31.5 |  40.4 | 1323.0
        Shoals |  10.0 |  10.0 |   9.7 |  33.4 |  22.8 | 1446.5
     Snake Pit |  15.8 |  16.8 |   3.8 |  48.2 |  27.5 | 2430.5
  Orcish Mines |   5.4 |   5.7 |   4.4 |  38.2 |  19.2 | 1660.0
        Vaults |  10.4 |   9.9 |  13.7 |  16.9 |  43.6 | 1436.2
         Crypt |   5.3 |   5.7 |   2.8 |  31.4 |  32.5 | 1101.0
         Abyss |   0.7 |   0.8 |   0.0 |  12.0 |  25.8 | 450.0
       Ossuary |   0.7 |   0.8 |   0.0 |   4.1 |   4.1 | 458.0
      Ice Cave |   1.4 |   1.6 |   0.0 |  39.0 |   6.6 | 897.0
       Volcano |   0.7 |   0.8 |   0.0 |  51.5 |   0.0 | 452.0
        Wizlab |   2.5 |   2.7 |   0.0 |  28.7 |   8.9 | 1587.0
               +-------+-------+-------+-------+-------+----------------------

Levels and vault maps discovered:
D:1:      tarquinn_simple_flora_water_a, layout_loops_corners, serial_rivers,
          chequers_serial_rivers_small_a, chequers_serial_rivers_room_b,
          chequers_serial_rivers_micro_d, chequers_serial_rivers_micro_a,
          chequers_serial_rivers_small_a, chequers_serial_rivers_micro_a
D:2:      layout_loops_cross
D:3:      layout_rooms, lemuel_doored_altar, first_ration,
          okawaru_altar_gauntlet_db
D:4:      minmay_wonky_spiral, layout_basic, nicolae_ossuary_entry_ruins,
          nicolae_zen_rock_garden
D:5:      minmay_razor_zed, layout_cave_pods, basic_altar
D:6:      layout_cave_pools, lemuel_crystal_altar, temple_green, basic_altar
D:7:      layout_basic
D:8:      layout_rooms, basic_altar, serial_shops, shop, grunt_pizzeria,
          st_stairs_10, hangedman_decor_push
D:9:      layout_loops_ring, old_standard_altar, kennysheep_mini,
          lair_entry_dummy
D:10:     layout_long_grid, introduction_to_nature_2
D:11:     layout_loops_cross, erik_orc_3, gammafunk_ghost_wrathful_warriors,
          kennysheep_small_circle
D:12:     wad_woods_minihive, layout_long_grid, portal_ice_cave_demonic_guard,
          uniq_frances
D:13:     layout_layer_cave, minmay_hedge_maze, kennysheep_island_fort
D:14:     layout_roguey, erik_vaults_2, minmay_misc_feat_secret_circle,
          grunt_ministairs_7, uniq_snorg
D:15:     grunt_enter_depths_magical_seal, layout_layer_cave,
          hangedman_decor_cross_pass, serial_shops, nicolae_shop_crystal,
          serial_bayou_pond_c
Temple:   regret_index_temple_mists
Lair:1:   layout_regular_city, grunt_megastairs_3, infiniplex_staircase_pool,
          serial_bayou_shore_a, lemuel_fruit_tree, uniq_harold, uniq_gastronok
Lair:2:   layout_small_grid
Lair:3:   layout_regular_city, gammafunk_ghost_grave, hibernation_bobbens
Lair:4:   layout_regular_city, minmay_shoals_entry_hut,
          guppyfry_snake_entry_garden, enter_volcano_1
Lair:5:   layout_roguey, minmay_lair_oklob_items, uniq_nessos, uniq_josephine
Lair:6:   cheibrodos_lair_end_hotspot, layout_regular_city,
          minmay_slime_entry_pillars, nicolae_quartered_pool_little,
          st_stairs_3, chequers_serial_rivers_micro_c
Shoals:1: layout_shoals, ebering_ghost_gozag, nicolae_shoals_loop_pool
Shoals:2: layout_shoals, ldierk_geyser
Shoals:3: layout_shoals, st_sunken_huts
Shoals:4: shoals_end_grunt_garden, layout_shoals, ebering_ghost_davey_jones
Snake:1:  layout_gridlike, serial_shops, nicolae_shop_behind_doors, basic_altar
Snake:2:  nicolae_aizul_guard, layout_chambers, special_room, serial_shops,
          shop, nicolae_shop_window_shopping, shop, shop, shop,
          serial_bayou_ford_a, serial_bayou_pond_a, grunt_ministairs_10,
          serial_bayou_shore_b, uniq_azrael, uniq_kirke, uniq_agnes,
          uniq_louise, uniq_vashnia
Snake:3:  layout_chambers
Snake:4:  snake_hunt, layout_onion, ebering_ghost_xom, basic_altar,
          grunt_ministairs_11, corexii_hall_statues_s, minmay_shop_grove
Orc:1:    layout_caves, serial_shops, shop
Orc:2:    st_orc_congregation, layout_caves, uniq_saint_roka, uniq_rupert
Vaults:1: nicolae_vaults_yaktaur_gun_rack, v_rooms_1, v_pattern_5,
          hangedman_vaults_snaps, ontoclasm_vaults_loading_screen,
          ontoclasm_vaults_eye, nicolae_vaults_ring_of_whatevers,
          ontoclasm_vaults_chip, layout_vaults_omnigrid, basic_altar
Vaults:2: minmay_crypt_entry_nasty_monster, hangedman_vaults_slither,
          nicolae_vaults_little_squares_3, st_cells, v_rooms_6,
          nicolae_vaults_shelves_hall, hangedman_vaults_stitches,
          nicolae_vaults_theta, nicolae_vaults_little_squares_4, v_misc_19,
          nicolae_vaults_little_squares_3, ontoclasm_vaults_decontamination,
          layout_vaults_ring
Vaults:3: vaults_room_pools, hangedman_vaults_variations, ontoclasm_vaults_chip,
          vaults_room_pools, hangedman_vaults_cutoff, v_misc_4,
          nicolae_vaults_quartermaster, layout_vaults_chaotic_city,
          mu_enter_wizlab_5, serial_shops, nicolae_shop_overgrown_old_shop,
          uniq_mara, uniq_asterion
Vaults:4: v_misc_32, st_check, v_misc_11, hangedman_vaults_capsules,
          ontoclasm_vaults_ring_small, v_alt_pattern_1,
          hangedman_vaults_corner_blocks, nicolae_vaults_border_crossing,
          ontoclasm_vaults_misaligned, hangedman_vaults_nails,
          nicolae_vaults_circle_grid_b, nicolae_vaults_rhombus_6,
          layout_vaults_maze_bifur
Crypt:1:  layout_chaotic_city, nicolae_crypt_niches
Crypt:2:  grunt_deathspiral_small, layout_gridlike, pandoras_box_mu
Crypt:3:  lightli_unholy_cathedral, layout_chaotic_city,
          nicolae_tomb_entry_unfolded_pyramid_orthogonal, weyrava_ghost_lake,
          uniq_frederick, uniq_bai_suzhen
Abyss:2
Ossuary:  ossuary_zaba_two_paths
IceCv:    ice_cave_small_necro
Volcano:  volcano_aerie
WizLab:   wizlab_lehudib
